 Dungeon Crawl Stone Soup version 0.16.1-28-gcc2312f (webtiles) character file.

37569 sqallbeste the Severer (level 13, -37/121 HPs)
             Began as a Deep Dwarf Fighter on May 24, 2015.
             Was a High Priest of Okawaru.
             Killed from afar by an octopode crusher (64 damage)
             ... with an iron shot
             ... on level 1 of the Depths.
             The game lasted 02:05:25 (14873 turns).

sqallbeste the Severer (Deep Dwarf Fighter)        Turns: 14873, Time: 02:05:25

Health: -37/121    AC: 22    Str: 24    XL:     13   Next: 59%
Magic:  2/3        EV: 23    Int: 14    God:    Okawaru [*****.]
Gold:   237        SH: 15    Dex: 20    Spells: 0 memorised, 12 levels left

rFire  + + .     SeeInvis .     j - +9 hand axe (flame)
rCold  + . .     Clarity  .     b - +2 scale mail
rNeg   + . .     SustAb   .     c - +0 shield
rPois  .         Gourm    .     m - +4 helmet of Bliun {rF+ rC+ Dex+8}
rElec  .         Spirit   .     C - +1 cloak
rCorr  .         Warding  +     (no gloves)
rMut   .         Stasis   .     n - +0 pair of boots
MR     +....                    t - amulet of warding
Stlth  ++........               M - +4 ring of intelligence
                                f - ring of protection from fire

@: lethally poisoned (-37 -> -37), heroism, non-regenerating, somewhat resistant
to hostile enchantments, unstealthy
A: damage resistance, recharge devices, sense surroundings 2, slow healing 3
a: Device Recharging, Heroism, Finesse, Renounce Religion


You were on level 1 of the Depths.
You worshipped Okawaru.
Okawaru was extremely pleased with you.
You were not hungry.

You visited 3 branches of the dungeon, and saw 17 of its levels.
You visited the Abyss 1 time.

You collected 1242 gold pieces.
You spent 1005 gold pieces at shops.

Inventory:

Hand weapons
 h - a +0 mace of protection
 j - a +9 hand axe of flaming (weapon)
 r - a cursed +0 scythe
 s - a +0 scimitar of flaming
 u - a +0 battleaxe
 A - a cursed +1 hand axe of distortion
 H - a +0 morningstar
 S - the +3 broad axe of Valiance {chop, Dex+4, unknown}
   (Okawaru gifted it to you on level 11 of the Dungeon)

   It inflicts extra damage upon your enemies.
   It affects your dexterity (+4).
 T - a +2 battleaxe of freezing
Armour
 b - a +2 scale mail (worn)
 c - a +0 shield (worn)
 m - the +4 helmet of Bliun (worn) {rF+ rC+ Dex+8}
   (You bought it in a shop on level 12 of the Dungeon)

   It affects your dexterity (+8).
   It protects you from fire.
   It protects you from cold.
 n - a +0 pair of boots (worn)
 x - the cursed -3 ring mail of the Elephant {MR- Str+4 Int+3}
   (You found it on level 4 of the Dungeon)

   It affects your strength (+4).
   It affects your intelligence (+3).
   It affects your resistance to hostile enchantments.
   It has a curse placed upon it.
 y - a +0 plate armour
 B - the +5 ring mail of Philately {-Tele rElec rF+ rC+ Dex-2, unknown}
   (You found it on level 13 of the Dungeon)

   It affects your dexterity (-2).
   It protects you from fire.
   It protects you from cold.
   It insulates you from electricity.
   It prevents most forms of teleportation.
 C - a +1 cloak (worn)
Jewellery
 f - a ring of protection from fire (left hand)
 k - an uncursed ring of positive energy
 o - an uncursed amulet of resist mutation
 t - an amulet of warding (around neck)
 J - an uncursed amulet of stasis
 L - a cursed -2 ring of protection
 M - a +4 ring of intelligence (right hand)
Magical devices
 a - a wand of random effects (31)
 d - a wand of heal wounds (5)
 p - a wand of fire (0)
 q - a wand of frost (19)
 v - a wand of confusion (7)
 I - a wand of fire (0)
 N - a wand of random effects (16)
 P - a wand of confusion (32)
 V - a wand of fireball (4)
Scrolls
 i - a scroll of remove curse
 D - a scroll of recharging
 R - 5 scrolls of identify
 X - a scroll of teleportation
Potions
 E - a potion of heal wounds
 K - a potion of curing
 O - a potion of restore abilities
 Y - a potion of poison {unknown}
 Z - a potion of flight
Books
 g - a book of Unlife

   Spells                             Type                      Level
   a - Recall                         Summoning/Translocation      3
   b - Animate Dead                   Necromancy                   4
   c - Control Undead                 Necromancy                   4
   d - Cigotuvi's Embrace             Necromancy                   5
   e - Death Channel                  Necromancy                   6
   f - Simulacrum                     Ice/Necromancy               6
 U - a book of Clouds

   Spells                             Type                      Level
   a - Mephitic Cloud                 Conjuration/Poison/Air       3
   b - Conjure Flame                  Conjuration/Fire             3
   c - Poisonous Cloud                Conjuration/Poison/Air       6
   d - Freezing Cloud                 Conjuration/Ice/Air          6
   e - Ring of Flames                 Charms/Fire                  7
Miscellaneous
 e - a stone of tremors
 l - a sack of spiders
 Q - a plain deck of defence {drawn: 1}
Comestibles
 w - 10 fruits
 z - 5 bread rations
 F - 4 beef jerkies
 G - 9 slices of pizza
 W - a meat ration


   Skills:
 + Level 9.0(14.0) Fighting
 * Level 15.3(20.3) Axes
 + Level 10.0(15.0) Armour
 + Level 10.1(15.1) Dodging
 + Level 1.5(6.5) Stealth
 + Level 11.5(16.5) Shields
 - Level 3.5 Invocations
 - Level 1.1 Evocations


You had 12 spell levels left.
You didn't know any spells.

Dungeon Overview and Level Annotations

Branches:
Dungeon (15/15)            Temple (0/1) D:6            Lair (1/8) D:8
    Orc (0/4) D:12         Vaults (0/5) D:14         Depths (1/5) D:15

Altars:
Cheibriados
Dithmenos
Elyvilon
Gozag
Makhleb
Okawaru

Shops:
D:11 }   D:12 [   D:14 :


Innate Abilities, Weirdness & Mutations

You are resistant to damage.
You can recharge devices by infusing magical energy.
You passively map the area around you.
You do not heal naturally.


Message History

You slash the octopode crusher! You burn the octopode crusher.
The octopode crusher is moderately wounded.
The octopode crusher stares at you and mumbles some strange words.
You block the iron shot. The octopode crusher constricts you!
You slash the octopode crusher! You burn the octopode crusher.
The octopode crusher is moderately wounded.
The octopode crusher blocks your attack.
The octopode crusher is moderately wounded.
The octopode crusher barely misses you. The octopode crusher constricts you!
You hit the octopode crusher. You burn the octopode crusher.
The octopode crusher is moderately wounded.
The octopode crusher throws you!
* * * LOW HITPOINT WARNING * * *
Found a stone of tremors.
A dire elephant comes into view.
The dire elephant trumpets!
The octopode crusher casts a spell at you.
The iron shot hits you!
Ouch! That really hurt!
You die...

,, ##}.##...##* * , ,# , ,
* ......+.....,,,,, , + ,
,*.........?... *
#..≈≈≈≈.≈≈≈≈≈.#+## ###+# ,
,,
+..≈≈≈≈.≈≈≈≈≈.)..###...# ,
*#..≈≈≈≈.≈≈≈≈≈.x.....)...
**
##+.≈≈≈≈.≈≈≈≈≈.......))..
, ,
....≈≈≈≈.x...$........).#
,
,........@.≈≈≈≈..........#
,
....≈≈≈≈≈.≈≈≈≈..........$
...≈≈≈≈≈.≈≈≈≈....##....#
.Y.≈≈≈≈≈.≈≈≈≈.#..##+####
#..≈≈≈≈≈.≈≈≈≈.#..# , , *
,* c................ , ,
................+ , , ,
,####+###. * .** ,* , * **
**, ,,


You could see a dire elephant, 2 octopode crushers and a yaktaur (wandering).

Vanquished Creatures
  A tentacled starspawn (Abyss:2)
  The ghost of heinrich the Devastator, a powerful OpCj of Vehumet (D:14)
  Azrael (D:13)
  A vault guard (D:14)
  A fire dragon (D:15)
  An ogre mage (Depths:1)
  An ice dragon (D:15)
  Nessos (D:11)
  5 hydras
  4 skeletal warriors
  2 large abominations (Abyss:2)
  A necromancer (D:14)
  2 hill giants
  3 wizards (D:14)
  8 ugly things
  2 cyclopes
  A griffon (D:8)
  2 gargoyles
  A redback zombie (D:13)
  3 kobold demonologists (D:15)
  A komodo dragon (D:14)
  2 tengu conjurers (D:13)
  2 two-headed ogres
  6 trolls
  A wolf spider simulacrum (D:14)
  2 ravens (D:13)
  9 slime creatures
  3 raiju (Abyss:2)
  2 basilisks
  A trapdoor spider (D:12)
  2 wyverns
  A yak (D:7)
  2 hippogriffs
  2 water elementals (Depths:1)
  A deep elf mage (D:13)
  A hungry ghost (D:15)
  2 fire elementals (D:13)
  21 humans
  6 vampire mosquitoes
  A mottled dragon (D:13)
  A water moccasin (D:12)
  2 soldier ants
  4 hell hounds
  7 orc warriors
  2 black bears (D:8)
  3 phantoms
  An eye of draining (D:15)
  3 ice beasts
  A necrophage (D:10)
  5 ogres
  3 sky beasts
  6 centaurs
  A crocodile (D:10)
  Sigmund (D:3)
  4 big kobolds
  9 giant frogs
  A scorpion (D:5)
  10 killer bees
  4 wights (D:11)
  A centaur zombie (D:6)
  2 giant frog zombies (D:10)
  5 crimson imps
  4 hounds
  10 orc priests
  2 giant frog skeletons
  5 jellies
  9 worker ants
  13 orc wizards
  3 iguanas
  5 sheep
  Ijyb (D:6)
  A hound skeleton (D:11)
  4 gnolls
  13 adders
  A white imp (Abyss:2)
  4 shadow imps
  5 giant geckos
  An ooze (D:2)
  71 orcs
  2 ball pythons (D:1)
  A bat skeleton (D:6)
  6 giant cockroaches
  10 goblins
  16 hobgoblins
  4 jackals
  27 kobolds
  6 quokkas
  13 bats
  3 giant gecko skeletons
  10 giant newts
  2 jackal skeletons
  A jackal zombie (D:5)
  A quokka skeleton (D:4)
  14 rats
  4 ballistomycetes
  3 plants (D:15)
  A starspawn tentacle (Abyss:2)
462 creatures vanquished.

Vanquished Creatures (others)
  2 killer bees (D:7)
  2 giant spores
  2 starspawn tentacles (Abyss:2)
  15 starspawn tentacle segments (Abyss:2)
21 creatures vanquished.

Grand Total: 483 creatures vanquished

Notes
Turn   | Place    | Note
--------------------------------------------------------------
     0 | D:1      | sqallbeste, the Deep Dwarf Fighter, began the quest for the Orb.
     0 | D:1      | Reached XP level 1. HP: 20/20 MP: 1/1
   209 | D:1      | Reached XP level 2. HP: 27/27 MP: 2/2
   618 | D:1      | Reached XP level 3. HP: 23/33 MP: 3/3
   954 | D:2      | Reached skill level 4 in Armour
  1151 | D:2      | Reached XP level 4. HP: 39/42 MP: 4/4
  1244 | D:2      | Reached skill level 1 in Dodging
  1653 | D:3      | Found a snail-covered altar of Cheibriados.
  1705 | D:3      | Found a burning altar of Makhleb.
  1705 | D:3      | Found an opulent altar of Gozag.
  1780 | D:3      | Reached XP level 5. HP: 30/49 MP: 5/5
  1917 | D:3      | Noticed Sigmund
  1959 | D:3      | Killed Sigmund
  1959 | D:3      | Reached XP level 6. HP: 51/56 MP: 6/6
  2756 | D:4      | Got a smoking ring mail
  2935 | D:4      | Reached skill level 5 in Axes
  3067 | D:3      | Became a worshipper of Cheibriados the Contemplative
  3088 | D:3      | Fell from the grace of Cheibriados
  3624 | D:5      | Entered Level 5 of the Dungeon
  3668 | D:5      | Reached XP level 7. HP: 47/63 MP: 7/7
  3722 | D:5      | Identified the cursed -3 ring mail of the Elephant {MR- Str+4 Int+3} (You found it on level 4 of the Dungeon)
  4117 | D:5      | Reached skill level 5 in Shields
  4302 | D:5      | Reached skill level 6 in Axes
  4733 | D:6      | Noticed Ijyb
  4744 | D:6      | Killed Ijyb
  4974 | D:6      | Reached skill level 5 in Armour
  4974 | D:6      | Reached XP level 8. HP: 36/73 MP: 7/7
  5198 | D:6      | Reached skill level 7 in Axes
  5297 | D:6      | Found a staircase to the Ecumenical Temple.
  5610 | D:6      | Reached skill level 1 in Evocations
  5740 | D:7      | Reached skill level 5 in Dodging
  6015 | D:7      | Found an iron altar of Okawaru.
  6040 | D:7      | Became a worshipper of Warmaster Okawaru
  6117 | D:7      | Reached skill level 5 in Fighting
  6117 | D:7      | Gained mutation: You passively map the area around you. [level up]
  6117 | D:7      | Reached XP level 9. HP: 60/81 MP: 7/7
  6373 | D:7      | Reached skill level 8 in Axes
  6444 | D:8      | Noticed a gargoyle
  6444 | D:8      | Acquired Okawaru's first power
  6453 | D:8      | Killed a gargoyle
  6478 | D:8      | Noticed a griffon
  6487 | D:8      | Killed a griffon
  6487 | D:8      | Reached skill level 9 in Axes
  6518 | D:8      | Found a staircase to the Lair.
  7085 | D:9      | Reached XP level 10. HP: 66/91 MP: 7/7
  7848 | D:10     | Entered Level 10 of the Dungeon
  7917 | D:10     | Reached skill level 10 in Axes
  8406 | D:10     | Was forgiven by Cheibriados
  8826 | D:11     | Found Caethuob's Gadget Shop.
  8839 | D:11     | Bought a plain deck of defence for 196 gold pieces
  8877 | D:11     | Noticed Nessos
  8902 | D:11     | Killed Nessos
  9117 | D:11     | Reached skill level 11 in Axes
  9279 | D:12     | Reached XP level 11. HP: 73/99 MP: 5/5
  9314 | D:12     | Noticed a hill giant
  9330 | D:12     | Killed a hill giant
  9336 | D:12     | Found a staircase to the Orcish Mines.
  9337 | D:12     | Found Fydoyloargh's Armour Shop.
  9381 | D:12     | Noticed a skeletal warrior
  9381 | D:12     | Noticed a skeletal warrior
  9381 | D:12     | Noticed a skeletal warrior
  9393 | D:12     | Killed a skeletal warrior
  9396 | D:12     | Noticed a skeletal warrior
  9396 | D:12     | Noticed a skeletal warrior
  9547 | D:10     | Acquired Okawaru's second power
  9645 | D:12     | Noticed a seven-headed hydra
  9659 | D:12     | Killed a two-headed hydra
  9659 | D:12     | Reached skill level 1 in Invocations
 10114 | D:13     | Received a gift from Okawaru
 10122 | D:13     | Reached skill level 12 in Axes
 10352 | D:13     | Got a warped ring mail
 10483 | D:13     | Found a shadowy altar of Dithmenos.
 10660 | D:14     | Noticed Azrael
 10722 | D:13     | Reached skill level 10 in Shields
 10748 | D:13     | Killed Azrael
 10748 | D:13     | Received a gift from Okawaru
 10748 | D:13     | Reached XP level 12. HP: 53/109 MP: 4/4
 10886 | D:14     | Reached skill level 13 in Axes
 10893 | D:14     | Noticed heinrich's ghost (powerful OpCj)
 10921 | D:14     | Killed heinrich's ghost
 11054 | D:14     | Noticed a wizard
 11061 | D:14     | Killed a wizard
 11084 | D:14     | Found a gate to the Vaults.
 11084 | D:14     | Noticed a vault guard
 11084 | D:14     | Noticed a necromancer
 11084 | D:14     | Noticed a wizard
 11084 | D:14     | Noticed a wizard
 11091 | D:14     | Killed a wizard
 11094 | D:14     | Killed a necromancer
 11097 | D:14     | Killed a wizard
 11097 | D:14     | Reached skill level 14 in Axes
 11111 | D:14     | Killed a vault guard
 11368 | D:14     | Found Meuc's Book Shoppe.
 11945 | D:15     | Entered Level 15 of the Dungeon
 11983 | D:15     | Noticed a six-headed hydra
 11993 | D:15     | Killed a one-headed hydra
 12091 | D:15     | Noticed a seven-headed hydra
 12100 | D:15     | Killed a one-headed hydra
 12292 | D:15     | Reached XP level 13. HP: 99/118 MP: 4/6
 12319 | D:15     | Noticed a fire dragon
 12320 | D:15     | Noticed an ice dragon
 12344 | D:15     | Killed an ice dragon
 12359 | D:15     | Killed a fire dragon
 12368 | D:15     | Found a staircase to the Depths.
 12409 | Depths:1 | Entered Level 1 of the Depths
 12665 | D:11     | Noticed a cyan ugly thing
 12674 | D:11     | Killed a cyan ugly thing
 12772 | D:11     | Killed a skeletal warrior
 12772 | D:11     | Received a gift from Okawaru
 12777 | D:11     | Got a polished broad axe {god gift}
 13217 | Lair:1   | Entered Level 1 of the Lair of Beasts
 13367 | D:11     | Noticed an eight-headed hydra
 13381 | D:11     | Killed a two-headed hydra
 13471 | D:12     | Killed a skeletal warrior
 13489 | D:12     | Killed a skeletal warrior
 13523 | D:12     | Bought the +4 helmet of Bliun {rF+ rC+ Dex+8} for 809 gold pieces
 13667 | D:12     | Noticed an eight-headed hydra
 13682 | D:12     | Killed a two-headed hydra
 13863 | D:15     | Found a white marble altar of Elyvilon.
 14685 | Depths:1 | Reached skill level 1 in Stealth
 14696 | Depths:1 | Reached skill level 15 in Axes
 14703 | Depths:1 | Noticed an octopode crusher
 14712 | Depths:1 | Cast into the Abyss (an ogre mage)
 14712 | Abyss:1  | Found a corrupted altar of Lugonu.
 14733 | Abyss:2  | Found a corrupted altar of Lugonu.
 14739 | Abyss:2  | Noticed a tentacled starspawn
 14752 | Abyss:2  | Killed a tentacled starspawn
 14752 | Abyss:2  | Reached skill level 10 in Dodging
 14848 | Depths:1 | Escaped the Abyss
 14855 | Depths:1 | Reached skill level 10 in Armour
 14857 | Depths:1 | Noticed an octopode crusher
 14873 | Depths:1 | Noticed a dire elephant
 14873 | Depths:1 | Killed from afar by an octopode crusher

Action                   |  1- 3 |  4- 6 |  7- 9 | 10-12 | 13-15 || total
-------------------------+-------+-------+-------+-------+-------++-------
Melee: War axe           |   130 |    95 |       |       |       ||   225
       Hand axe          |       |   100 |   380 |   664 |   243 ||  1387
       Mace              |       |       |       |    22 |       ||    22
Invok: Renounce Religion |       |     1 |       |       |       ||     1
       Heroism           |       |       |       |    15 |     7 ||    22
 Abil: Device Recharging |       |       |     4 |    10 |     3 ||    17
Evoke: Wand              |       |     4 |    19 |    51 |    16 ||    90
       Deck              |       |       |       |       |     1 ||     1
  Use: Scroll            |     4 |    11 |    12 |    23 |       ||    50
       Potion            |     2 |     1 |     4 |    15 |     2 ||    24
  Eat: Bread ration      |     1 |       |       |       |       ||     1
       Meat ration       |       |     1 |     2 |     4 |     1 ||     8
       Pizza             |       |     1 |       |       |       ||     1
       Fruit             |       |       |       |       |     4 ||     4
